 Seeded DCSS version 0.30.1-11-g7821555f0a (webtiles) character file.

Game seed: 3782068419145777066 (custom seed)

6976 fireball365 the Cleaver (level 11, -3/77 HPs)
             Began as a Hill Orc Fighter on Nov 23, 2023.
             Was an Initiate of Gozag.
             Collided with a large abomination (14 damage)
             ... caused by a wretched star
             ... on level 1 of the Abyss.
             The game lasted 00:18:29 (9128 turns).

fireball365 the Cleaver (Hill Orc Fighter)          Turns: 9128, Time: 00:18:30

Health: -3/77      AC: 16    Str: 26    XL:     11   Next: 8%
Magic:  8/8        EV: 10    Int:  4    God:    Gozag
Gold:   2008       SH:  0    Dex: 10    Spells: 10/10 levels left

rFire   . . .        K - +3 battleaxe (heavy)
rCold   . . .        (shield currently unavailable)
rNeg    + . .        q - +0 chain mail
rPois   .            (no helmet)
rElec   .            A - +1 cloak
rCorr   .            H - +1 pair of gloves of the Beginning {+Blink rN+ Str+2 Int-4}
SInv    .            (no boots)
Will    .....        L - amulet of regeneration Stlth
                     (no ring)
HPRegen 1.12/turn    (no ring)
MPRegen 0.11/turn

%: no passive effects
@: no status effects
A: [frail 2], [low MP 2], [subdued magic 2]
a: Renounce Religion, Evoke Blink, Potion Petition, Call Merchant, Bribe Branch


You were on level 1 of the Abyss.
You worshipped Gozag.
Gozag was most pleased with you.
You visited 2 branches of the dungeon, and saw 10 of its levels.
You visited the Abyss 1 time.
You also visited: Ossuary.

You collected 2874 gold pieces.
You spent 732 gold pieces at shops.
You paid 134 gold pieces to Gozag.

Inventory:

Hand Weapons
 a - a +0 war axe
 m - a +1 heavy war axe
 K - a +3 heavy battleaxe (weapon)
Missiles
 e - 4 throwing nets (quivered)
Armour
 c - a +0 buckler
 q - a +0 chain mail (worn)
 u - a +0 tower shield
 A - a +1 cloak (worn)
 H - the +1 pair of gloves of the Beginning (worn) {+Blink rN+ Str+2 Int-4}
   (You acquired it on level 6 of the Dungeon)

   Str:       It affects your strength (+2).
   Int:       It affects your intelligence (-4).
   rN:        It protects you from negative energy.
   +Blink:    It lets you blink.
Jewellery
 x - an amulet of faith
 J - a ring of magical power
 L - an amulet of regeneration (around neck)
Wands
 y - a wand of mindburst (8)
 z - a wand of paralysis (7)
 M - a wand of iceblast (4)
Scrolls
 b - 4 scrolls of identify
 f - 3 scrolls of immolation {unknown}
 g - 6 scrolls of fear
 i - 3 scrolls of blinking {unknown}
 k - a scroll of torment
 o - a scroll of amnesia {unknown}
 p - 2 scrolls of noise
 t - 4 scrolls of vulnerability
 v - 2 scrolls of teleportation
 w - 2 scrolls of brand weapon {unknown}
 E - a scroll of enchant armour {unknown}
 G - a scroll of fog {unknown}
Potions
 d - 2 potions of might
 h - a potion of resistance {unknown}
 j - 2 potions of degeneration {unknown}
 l - 2 potions of lignification {unknown}
 r - 2 potions of flight {unknown}
 s - 4 potions of curing
 B - a potion of haste {unknown}
 C - a potion of ambrosia {unknown}
 D - 2 potions of attraction {unknown}
 F - 2 potions of brilliance {unknown}
 I - a potion of cancellation {unknown}


   Skills:
 + Level 9.4 Fighting
 + Level 14.4 Axes
 + Level 9.9 Armour
 + Level 2.7 Dodging
 + Level 1.8 Stealth
 + Level 5.2 Shields
 + Level 0.2 Evocations


You had 10 spell levels left.
You didn't know any spells.
Your spell library contained the following spells:

 Spells                   Type           Power      Damage    Failure   Level
 Foxfire                  Conj/Fire      0%         2x1d4     87%         1
 Kiss of Death            Conj/Necr      0%         2d5       87%         1
 Sting                    Tmut/Pois      0%         1d3       87%         1
 Poisonous Vapours        Pois/Air       0%         N/A       95%         2
 Confusing Touch          Hex            0%         N/A       99%         3
 Ozocubu's Armour         Ice            0%         N/A       99%         3
 Cause Fear               Hex            0%         N/A       100%        4
 Dispel Undead            Necr           0%         3d6       100%        4
 Olgreb's Toxic Radiance  Pois           0%         N/A       100%        4
 Fireball                 Conj/Fire      0%         3d3       100%        5
 Plasma Beam              Fire/Air       0%         2x1d11    100%        6
 Starburst                Conj/Fire      0%         6d3       100%        6
 Statue Form              Tmut/Erth      0%         N/A       100%        6
 Dragon Form              Tmut           0%         N/A       100%        7
 Ozocubu's Refrigeration  Ice            0%         4d7       100%        7
 Dragon's Call            Summ           0%         N/A       100%        9


Dungeon Overview and Level Annotations

Branches:
Dungeon (9/15)             Temple (1/1) D:5            Lair (0/5) D:8
    Orc (0/2) D:9         Ossuary (visited)

Altars:
Ashenzari
Cheibriados
Dithmenos
Elyvilon
Fedhas
Gozag
Hepliaklqana
Kikubaaqudgha
Makhleb
Nemelex Xobeh
Okawaru
Qazlal
Ru
Sif Muna
Trog
Uskayaw
Vehumet
Wu Jian
Xom
Yredelemnul
Zin
The Shining One

Shops:
D:1 (:[?   D:3 [


Innate Abilities, Weirdness & Mutations

[You are very frail. (-20% HP)]
[Your magical capacity is very low. (-20% MP)]
[Your spells are easier to cast, but less powerful.]


Message History

The large abomination hits you.
You barely miss the large abomination. The large abomination hits you!!
You barely miss the large abomination. The large abomination hits you!
The wretched star glows turbulently.
The lance of force misses you.
The large abomination closely misses you.
As you read the scroll of teleportation, it crumbles to dust.
You feel strangely unstable.
You feel the power of the Abyss delaying your translocation!
The large abomination hits you!!
Aiming: Iceblast
Press: ? - help, Q - select action, (/) - cycle Shift-Dir - straight line The mass of ice explodes!
The iceblast engulfs the wretched star.
The wretched star partially resists.
The wretched star is lightly damaged.
The large abomination hits you!
* * * LOW HITPOINT WARNING * * *
Aiming: Mindburst
Press: ? - help, Q - select action, (/) - cycle Shift-Dir - straight line The large abomination is unaffected.
The wretched star pulses with an eldritch light!
Your connection to magic feels subdued.
Your connection to magic feels more subdued.
The large abomination closely misses you.
As you read the scroll of teleportation, it crumbles to dust.
You feel strangely stable.
The wretched star pulses with an eldritch light!
You feel less energetic. x2
The large abomination misses you.
You slice the large abomination!!
The large abomination is moderately damaged.
You slash the wretched star!
The wretched star glows turbulently.
The lance of force hits you!
* * * LOW HITPOINT WARNING * * *
You are knocked back by the lance of force.
You collide with the large abomination!
The large abomination is severely damaged.
You die...
Your body crumbles into a pile of gold.

#*. ... #*. ## .# ###
##.##.####.#######
#...#.#.........#.. #
#..............#
#.##.#....*@X....#
#..#..#.........#.#
###..##............#
###..##.##..........##
....... .#.#.#.###...#
# # .... ####### ..#.
...... . .....#.
#.#..#...... ..... .#.
..##......... ..


You could see a wretched star and a large abomination.

Vanquished Creatures
  A tentacled starspawn (Abyss:1)
  A two-headed ogre (D:8)
  A troll (D:9)
  A yak (D:8)
  A wyvern (D:9)
  3 steam dragons
  2 water moccasins
  Duvessa (D:4)
  5 black bears
  5 orc warriors
  2 sky beasts (D:7)
  3 ogres (D:9)
  4 centaurs
  4 kobold brigands (D:9)
  5 bullfrogs
  2 scorpions
  2 gnoll sergeants (D:9)
  Dowan (D:4)
  3 howler monkeys
  2 hounds
  A centaur zombie (Ossuary)
  4 human zombies (Ossuary)
  4 jellies
  Crazy Yiuf (D:3)
  7 orc priests
  2 gnoll boudas
  5 iguanas
  Natasha (D:4)
  11 orc wizards
  2 hound zombies (Ossuary)
  3 mummies (Ossuary)
  10 adders
  13 gnolls
  A white imp (D:8)
  2 ufetubi
  7 adder zombies (Ossuary)
  2 worms (D:2)
  4 dart slugs
  27 orcs
  6 endoplasms
  5 giant cockroaches
  6 goblins
  10 hobgoblins
  5 jackals
  A quokka (D:5)
  7 ball pythons
  4 bats
  A frilled lizard (D:2)
  A gnoll zombie (Ossuary)
  2 goblin zombies (Ossuary)
  5 hobgoblin zombies (Ossuary)
  A jackal zombie (Ossuary)
  4 kobolds
  5 kobold zombies (Ossuary)
  An orc zombie (Ossuary)
  4 quokka zombies (Ossuary)
  7 rats
  2 rat zombies (Ossuary)
233 creatures vanquished.

Vanquished Creatures (others)
  2 orcs
  3 starspawn tentacles (Abyss:1)
5 creatures vanquished.

Grand Total: 238 creatures vanquished

Notes
Turn   | Place    | Note
-------+----------+-------------------------------------------
     0 | D:1      | fireball365 the Hill Orc Fighter began the quest for the
                  | Orb.
     0 | D:1      | Reached XP level 1. HP: 19/19 MP: 1/1
    31 | D:1      | Found Veyto's Magic Scroll Shoppe.
   118 | D:1      | Found Daizow's Antique Armour Emporium.
   148 | D:1      | Reached skill level 3 in Axes
   148 | D:1      | Reached XP level 2. HP: 27/27 MP: 2/2
   311 | D:1      | Found Aweeb's Book Shoppe.
   431 | D:1      | Found Holor's Weapon Emporium.
   436 | D:1      | Reached XP level 3. HP: 29/33 MP: 3/3
  1189 | D:2      | Reached XP level 4. HP: 34/40 MP: 4/4
  1233 | D:2      | Reached skill level 4 in Axes
  1822 | D:3      | Found an ornate altar of the Wu Jian Council.
  1850 | D:3      | Reached XP level 5. HP: 40/46 MP: 5/5
  1905 | D:3      | Found Xazut's Antique Armour Shoppe.
  2113 | D:3      | Found a faded altar of an unknown god.
  2114 | D:3      | Found a shadowy altar of Dithmenos.
  2228 | D:3      | Found a runed translucent door.
  2229 | D:3      | Noticed Crazy Yiuf
  2329 | D:3      | Killed Crazy Yiuf
  2481 | D:4      | Reached skill level 5 in Axes
  2483 | D:4      | Reached XP level 6. HP: 33/52 MP: 6/6
  2595 | D:4      | Noticed Duvessa
  2598 | D:4      | Noticed Dowan
  2604 | D:4      | Killed Duvessa
  2605 | D:4      | Reached skill level 6 in Axes
  2605 | D:4      | Reached skill level 1 in Dodging
  2611 | D:4      | Killed Dowan
  2774 | D:4      | Reached XP level 7. HP: 10/60 MP: 7/7
  3279 | D:4      | Noticed Natasha
  3288 | D:4      | Killed Natasha
  3521 | D:5      | Entered Level 5 of the Dungeon
  3523 | D:5      | Found a staircase to the Ecumenical Temple.
  3542 | Temple   | Entered the Ecumenical Temple
  3746 | Temple   | Became a worshipper of Gozag Ym Sagoz the Greedy
  3785 | D:5      | Found a sand-covered staircase.
  3788 | D:5      | Reached skill level 5 in Armour
  3825 | D:5      | Reached skill level 7 in Axes
  3984 | Ossuary  | Entered an ossuary
  4152 | Ossuary  | Reached skill level 5 in Fighting
  4283 | Ossuary  | Reached skill level 8 in Axes
  4291 | Ossuary  | Reached XP level 8. HP: 59/68 MP: 8/8
  4686 | D:5      | Reached skill level 9 in Axes
  4686 | D:5      | Reached skill level 1 in Stealth
  5655 | D:6      | Reached skill level 10 in Axes
  5658 | D:6      | Reached skill level 5 in Shields
  5658 | D:6      | Reached XP level 9. HP: 52/77 MP: 9/9
  5799 | D:6      | Got the Quarto of Crystalline Cinders
  6289 | D:1      | Bought a scroll of teleportation for 36 gold pieces
  6289 | D:1      | Bought a scroll of teleportation for 36 gold pieces
  6289 | D:1      | Bought a scroll of teleportation for 36 gold pieces
  6289 | D:1      | Bought a scroll of acquirement for 624 gold pieces
  6575 | D:6      | Acquired the +1 pair of gloves of the Beginning {+Blink rN+
                  | Str+2 Int-4}
  7142 | D:7      | Acquired 944 gold pieces
  7179 | D:8      | Reached skill level 11 in Axes
  7390 | D:8      | Found a staircase to the Lair.
  7406 | D:8      | Reached skill level 12 in Axes
  7612 | D:8      | Reached XP level 10. HP: 47/86 MP: 10/10
  8592 | D:9      | Noticed a two-headed ogre
  8612 | D:8      | Killed a two-headed ogre
  8681 | D:9      | Reached skill level 13 in Axes
  8736 | D:9      | Found a staircase to the Orcish Mines.
  9052 | Abyss:1  | Cast into level 1 of the Abyss (orc priest)
  9076 | Abyss:1  | Noticed a tentacled starspawn
  9080 | Abyss:1  | Killed a tentacled starspawn
  9081 | Abyss:1  | Reached skill level 14 in Axes
  9081 | Abyss:1  | Reached XP level 11. HP: 59/97 MP: 11/11
  9116 | Abyss:1  | Noticed a wretched star
  9118 | Abyss:1  | Noticed a large abomination
  9128 | Abyss:1  | Collided with a large abomination

Illustrated notes

Levels and vault maps discovered:
D:1:      dpeg_arrival_oval, layout_basic, serial_shops, shop, shop_coins,
          nicolae_shop_overgrown_old_shop, shop
D:2:      layout_rooms
D:3:      layout_basic, mainiacjoe_overflow_catch_the_wave,
          ebering_ecumenical_altar_rust, serial_shops, shop,
          uniq_crazy_yiuf_cottage
D:4:      layout_cave_pods, uniq_duvessa, uniq_natasha
D:5:      layout_loops_ring, minmay_temple_entry_waves, enter_ossuary_3,
          kennysheep_cluttered_room
D:6:      layout_gridville, minmay_checkerbox
D:7:      layout_rooms
D:8:      layout_basic, due_lair_maze_entry_diamond, dreamdust_wishing_well
D:9:      layout_cross, kennysheep_orc_monster_closet_entryway, minmay_librarian
Temple:   nicolae_temple_bog_church
Abyss:1:  base:
D:5

Skill      XL: |  1  2  3  4  5  6  7  8  9 10 |
---------------+-------------------------------+-----
Axes           | 3 4 5 6 8 10 12 14 | 14.4
Fighting       | 4 5 6 7 9 |  9.4
Shields        | 4 5 |  5.2
Armour         | 4 5 6 8 9 |  9.9
Dodging        | 1 2 |  2.7
Stealth        | 1 |  1.8
Evocations     | |  0.2

Action                     |  1- 3 |  4- 6 |  7- 9 | 10-12 || total
---------------------------+-------+-------+-------+-------++-------
  Melee: War axe           |    72 |    93 |   201 |       ||   366
         Battleaxe         |       |       |    38 |   102 ||   140
  Evoke: Wand              |       |       |       |     4 ||     4
    Use: Scroll            |       |       |     9 |     3 ||    12
         Potion            |       |       |       |     6 ||     6
   Stab: Distracted        |       |       |     1 |     1 ||     2
 Armour: Scale mail        |    48 |    31 |       |       ||    79
         Chain mail        |       |    48 |   200 |    73 ||   321
  Dodge: Dodged            |    38 |    72 |   166 |    77 ||   353
  Block: Buckler           |    24 |    35 |    48 |       ||   107
